 Dungeon Crawl Stone Soup version 0.29-a0-1043-g569b05d6ff (webtiles) character file.

Game seed: 17957547320185839955

269247 dkjp the Imperceptible (level 19, -7/100 HPs)
             Began as a Spriggan Enchanter on Aug 15, 2022.
             Was the Champion of Dithmenos.
             Killed from afar by a frost giant (53 damage)
             ... with a bolt of cold
             ... on level 4 of the Vaults on Aug 16, 2022.
             The game lasted 02:05:40 (42095 turns).

dkjp the Imperceptible (Spriggan Enchanter)        Turns: 42095, Time: 02:05:41

Health: -7/100     AC: 15    Str: 15    XL:     19   Next: 39%
Magic:  21/41      EV: 33    Int: 17    God:    Dithmenos [******]
Gold:   1841       SH:  0    Dex: 17    Spells: 18/53 levels left

rFire   . . .      SeeInvis +   Y - +9 rapier (elec)
rCold   . . .      Faith    .   t - orb {guile}
rNeg    . . .      Spirit   .   b - +5 steam dragon scales
rPois   +          Reflect  .   M - +2 hat
rElec   .          Harm     .   i - +2 cloak {Stlth+}
rCorr   .          Rampage  .   (gloves unavailable)
Will    +++..                   (boots unavailable) Stlth **********
                                R - amulet of Onworis {RegenMP Will+ Regen+ Str+4 Stlth+}
HPRegen 1.06/turn               f - ring "Igross" {rPois Will+ EV+4 Str+3 Slay+3}
MPRegen 0.67/turn               v - ring of wizardry

@: very slightly contaminated, slowed, wreathed by umbra, studying Axes, quick
A: very small, no large weapons, unfitting armour, see invisible, speed 3, weak
1, wild magic 1
}: 2/15 runes: barnacled, gossamer
a: Renounce Religion, Shadow Step, Shadow Form


You were on level 4 of the Vaults.
You worshipped Dithmenos.
Dithmenos was exalted by your worship.
You visited 9 branches of the dungeon, and saw 38 of its levels.
You visited 1 bazaar.
You also visited: Ossuary and Ice Cave.

You collected 5941 gold pieces.
You spent 4100 gold pieces at shops.

Inventory:

Hand Weapons
 G - a +2 dagger of draining
 Y - a +9 rapier of electrocution (weapon)
Missiles
 H - 7 curare-tipped darts (quivered)
Armour
 b - +5 steam dragon scales (worn)
 i - a +2 cloak of stealth (worn)
 k - a scarf of invisibility
 s - the +4 skin of Zhor {*Englaciate rC+++ SInv}
   (You found it in an ice cave)

   It radiates cold, occasionally slowing all nearby creatures who are not
   resistant to cold.
   rC:        It renders you almost immune to cold.
   SInv:      It lets you see invisible.
 t - an orb of guile (worn)
 K - a +2 robe of fire resistance
 M - a +2 hat (worn)
 W - a scarf of resistance
Jewellery
 f - the ring "Igross" (left hand) {rPois Will+ EV+4 Str+3 Slay+3}
   (You acquired it on level 1 of the Dungeon)

   [ring of evasion]

   EV:        It affects your evasion (+4).
   Str:       It affects your strength (+3).
   Slay:      It affects your accuracy & damage with ranged weapons and melee
   (+3).
   rPois:     It protects you from poison.
   Will:      It increases your willpower.
 v - a ring of wizardry (right hand)
 R - the amulet of Onworis (around neck) {RegenMP Will+ Regen+ Str+4 Stlth+}
   (You bought it in a shop on level 14 of the Dungeon)

   [amulet of magic regeneration]

   It increases your rate of magic regeneration.
   Str:       It affects your strength (+4).
   Regen:     It increases your rate of health regeneration.
   Will:      It increases your willpower.
   Stlth:     It makes you more stealthy.
Wands
 g - a wand of flame (59)
 w - a wand of paralysis (27)
 y - a wand of polymorph (5)
 B - a wand of iceblast (17)
 C - a wand of digging (11)
 E - a wand of quicksilver (3)
Scrolls
 e - 6 scrolls of fog
 m - 5 scrolls of teleportation
 q - 7 scrolls of fear
 u - 3 scrolls of vulnerability
 x - 3 scrolls of amnesia
 J - 3 scrolls of summoning
 L - 2 scrolls of brand weapon
 S - 3 scrolls of magic mapping
 T - 5 scrolls of blinking
 Z - 2 scrolls of enchant armour
Potions
 c - 15 potions of ambrosia
 h - 20 potions of curing
 j - 8 potions of lignification
 l - 7 potions of magic
 n - 4 potions of haste
 p - 10 potions of flight
 r - 7 potions of might
 z - 4 potions of resistance
 A - 3 potions of heal wounds
 D - 10 potions of mutation
 I - 9 potions of brilliance
 O - 5 potions of cancellation
 V - a potion of invisibility
Miscellaneous
 d - a phantom mirror
 o - a lightning rod (4/4)
 F - a tin of tremorstones (2/2)
 P - a box of beasts


   Skills:
 - Level 11.5 Fighting
 + Level 15.2 Short Blades
 - Level 17.0 Dodging
 - Level 22.1 Stealth
 - Level 17.8 Spellcasting
 - Level 21.0 Hexes
 - Level 10.0 Evocations


You had 18 spell levels left.
You knew the following spells:

 Your Spells              Type           Power      Damage    Failure   Level
a - Ensorcelled Hibernat  Hex/Ice        100%       N/A       1%          2
b - Tukima's Dance        Hex            85%        N/A       1%          3
c - Dazzling Flash        Conj/Hex       100%       N/A       1%          3
d - Confusing Touch       Hex            85%        N/A       1%          3
e - Cause Fear            Hex            42%        N/A       1%          4
f - Summon Mana Viper     Hex/Summ       60%        N/A       1%          5
g - Enfeeble              Hex            42%        N/A       1%          7
h - Discord               Hex            42%        N/A       2%          8

Your spell library contained the following spells:

 Spells                   Type           Power      Damage    Failure   Level
 Inner Flame              Hex/Fire       60%        N/A       1%          3
 Anguish                  Hex/Necr       30%        N/A       1%          4
 Fulminant Prism          Conj/Hex       30%        3d16      1%          4
 Leda's Liquefaction      Hex/Erth       30%        N/A       1%          4
 Metabolic Englaciation   Hex/Ice        30%        N/A       1%          5
 Silence                  Hex/Air        30%        N/A       1%          5
 Yara's Violent Unravell  Hex/Tmut       30%        3d13      1%          5
 Foxfire                  Conj/Fire      76%        2x1d7     2%          1
 Freeze                   Ice            76%        1d9       2%          1
 Magic Dart               Conj           76%        1d6       2%          1
 Necrotise                Necr           76%        1d7       2%          1
 Searing Ray              Conj           38%        2d5       4%          2
 Conjure Flame            Conj/Fire      19%        6-21      7%          3
 Frozen Ramparts          Ice            38%        1d6       7%          3
 Ignite Poison            Fire/Tmut/Pois 19%        N/A       7%          3
 Mephitic Cloud           Conj/Pois/Air  19%        N/A       7%          3
 Ozocubu's Armour         Ice            19%        N/A       7%          3
 Vampiric Draining        Necr           19%        2d7       7%          3
 Flame Wave               Conj/Fire      19%        2d7       21%         4
 Hailstorm                Conj/Ice       19%        3d6       21%         4
 Olgreb's Toxic Radiance  Pois           19%        N/A       21%         4
 Petrify                  Tmut/Erth      19%        N/A       21%         4
 Summon Ice Beast         Ice/Summ       19%        N/A       21%         4
 Agony                    Necr           19%        N/A       45%         5
 Blade Hands              Tmut           9%         N/A       45%         5
 Freezing Cloud           Conj/Ice/Air   9%         6-21      45%         5
 Irradiate                Conj/Tmut      9%         3d14      45%         5
 Summon Forest            Summ/Tloc      9%         N/A       45%         5
 Conjure Ball Lightning   Conj/Air       9%         3x3d6     93%         6
 Dispersal                Tloc           9%         N/A       93%         6
 Iron Shot                Conj/Erth      9%         9d3       93%         6
 Simulacrum               Ice/Necr       9%         N/A       93%         6
 Statue Form              Tmut/Erth      12%        N/A       93%         6
 Summon Cactus Giant      Summ           9%         N/A       93%         6
 Dragon Form              Tmut           9%         N/A       100%        7
 Monstrous Menagerie      Summ           9%         N/A       100%        7
 Ozocubu's Refrigeration  Ice            9%         4d9       100%        7
 Disjunction              Tloc           9%         N/A       100%        8
 Ignition                 Fire           9%         3d5       100%        8
 Dragon's Call            Summ           9%         N/A       100%        9


Dungeon Overview and Level Annotations

Branches:
Dungeon (15/15)            Temple (1/1) D:7            Lair (5/5) D:9
 Shoals (4/4) Lair:3       Spider (4/4) Lair:3        Slime (0/5) Lair:4
    Orc (2/2) D:12            Elf (1/3) Orc:2        Vaults (4/5) D:14
  Crypt (0/3) Vaults:2     Depths (2/4) D:15        Ossuary (visited)
  IceCv (visited)

Altars:
Cheibriados
Dithmenos
Fedhas
Gozag
Hepliaklqana
Kikubaaqudgha
Nemelex Xobeh
Okawaru
Ru
Vehumet
Wu Jian
Xom
Yredelemnul
Zin
The Shining One
Jiyva

Shops:
D:1 (   D:5 *   D:14 *   Orc:2 ??!!(   Shoals:1 [   Shoals:3 ?   Vaults:1 *

Portals:
Hell: Depths:1

Annotations:
D:4 1 runed translucent door, dlgcnf's ghost, amateur SpEn
Shoals:3 exclusion: oklob plant
Depths:2 Asterion


Innate Abilities, Weirdness & Mutations

You are very small and have problems with some larger weapons.
You are too small for most types of armour.
You have supernaturally acute eyesight. (SInv)
You cover ground extremely quickly. (Speed+++)
You are weak. (Str -2)
Your spells are a little harder to cast, but a little more powerful.


Message History

The yaktaur closely misses you. The yaktaur attacks as you move away!
The yaktaur completely misses you. Dithmenos accepts your kill.
You feel a bit more experienced.
Unknown command.
Casting: Discord (dangerous; 2% risk of failure)
Confirm with . or Enter, or press ? or * to list all spells.
Aiming: Ensorcelled Hibernation (safe; 1% risk of failure)
Press: ? - help, Shift-Dir - straight line, f - yaktaur
Aim: a yaktaur (fast, strong, frenzied and insane, umbra, chance to affect: 84%)
The yaktaur resists with some effort.
The yaktaur completely misses you. The yaktaur barely misses you.
Unknown command.
You barely miss the yaktaur.
Your shadow hits the yaktaur with a rapier.
The yaktaur closely misses you. The yaktaur misses you.
Casting: Ensorcelled Hibernation (safe; 1% risk of failure)
Confirm with . or Enter, or press ? or * to list all spells.
Aiming: Ensorcelled Hibernation (safe; 1% risk of failure)
Press: ? - help, Shift-Dir - straight line, f/p - yaktaur
Aim: a yaktaur (lightly wounded, fast, strong, frenzied and insane, umbra, chance to affect: 84%)
The yaktaur looks drowsy...
Your shadow mimicks your spell!
The yaktaur is unaffected.
The helpless yaktaur fails to defend itself.
You spit the yaktaur like a pig!!!!!
You kill the yaktaur!
Dithmenos accepts your kill.
You hear a shout!
Casting: Ensorcelled Hibernation (safe; 1% risk of failure)
Confirm with . or Enter, or press ? or * to list all spells.
Aiming: Tukima's Dance (safe; 1% risk of failure)
Press: ? - help, Shift-Dir - straight line, f - frost giant
Aim: a frost giant, wielding a +1 battleaxe of freezing (heavily wounded, umbra, chance to affect: 92%)
The +1 battleaxe of freezing dances into the air!
You hear a shout! x2
The frost giant casts a spell at you. The bolt of cold hits you!!!
Ouch! That really hurt!
You die...

#...))).#.......#p#.#
#.)..)..#.......# . #
############'#### #
#... .8.# .#
######### #.......#
#......@# ###
#......)#...#..
#.......#.8....
#.......'...#
#......C#####
##.......# cc.......#
#)....(.# #.......#


You could see a frost giant (ally target), a neutral yaktaur captain (fast,
strong, insane, distracted) and a friendly +1 battleaxe of freezing.

Vanquished Creatures
  Rupert (D:12)
  Jorgrun (D:12)
  Frances (Shoals:1)
  A sphinx (Vaults:4)
  Kirke (D:12)
  A tengu reaver (Vaults:4)
  4 emperor scorpions
  3 ghost moths
  The ghost of fly the Carver, a journeyman DgDe (Shoals:2)
  2 frost giants
  3 vault wardens
  An orc warlord (Vaults:3)
  3 ironbound preservers
  4 very ugly things
  2 ironbound thunderhulks (Vaults:1)
  A stone giant (Depths:1)
  Nessos (D:15)
  5 dire elephants
  4 entropy weavers
  2 merfolk impalers
  2 crystal guardians
  6 merfolk javelineers
  5 yaktaur captains
  5 great orbs of eyes
  5 jorogumos
  A peacekeeper (Vaults:2)
  2 catoblepae
  3 hydras
  A rakshasa (Depths:1)
  2 vault guards (D:14)
  6 boulder beetles
  6 radroaches
  2 merfolk aquamancers
  2 centaur warriors
  4 two-headed ogres
  13 death yaks
  6 ironbound frosthearts
  3 merfolk avatars
  3 satyrs
  A deep troll shaman (Lair:5)
  A deep troll earth mage (Depths:1)
  4 tengu warriors
  A vampire mage (Depths:1)
  A spriggan berserker (Depths:1)
  4 orc high priests
  3 pharaoh ants
  6 skeletal warriors
  6 sea snakes
  15 orb spiders
  6 steelbarb worms
  Lodul (D:13)
  2 bog bodies (IceCv)
  4 wizards
  2 lindwurms (Vaults:3)
  5 deep trolls
  Pikel (D:5)
  3 ironbound convokers
  A deep elf pyromancer (D:15)
  A phantasmal warrior (Vaults:3)
  7 orc knights
  3 harpies (Shoals:3)
  9 wolf spiders
  3 necromancers
  14 fauns
  A stone giant zombie (Vaults:1)
  7 cyclopes
  7 ugly things
  7 manticores
  6 orc sorcerers
  A moth of wrath (Spider:1)
  4 elephants
  7 merfolk sirens
  2 black mambas
  11 vault sentinels
  2 torpor snails
  7 water nymphs
  An ice statue (IceCv)
  A gargoyle (D:12)
  A yaktaur zombie (Vaults:1)
  8 cane toads
  An unseen horror (D:12)
  10 demonic crawlers
  2 freezing wraiths
  25 yaktaurs
  2 rime drakes
  An efreet (D:13)
  9 komodo dragons
  2 ice devils (D:12)
  14 merfolk
  A golden dragon simulacrum (Vaults:3)
  6 trolls
  A queen bee (Spider:2)
  3 polar bears
  A tengu simulacrum (Vaults:3)
  7 wind drakes
  Prince Ribbit (D:7)
  3 meliai (Spider:2)
  17 tarantellas
  25 slime creatures
  7 dream sheep (Lair:4)
  A hornet (D:8)
  6 snapping turtles
  32 blink frogs
  A dancing weapon (Vaults:2)
  A centaur simulacrum (D:14)
  19 jumping spiders
  20 culicivoras
  A deep troll skeleton (Vaults:3)
  2 wraiths
  Sigmund (D:6)
  A dire elephant simulacrum (IceCv)
  21 yaks
  5 water elementals
  2 wyverns
  Grum (D:8)
  3 steam dragons
  3 hogs (D:12)
  22 humans
  5 basilisks
  A human (shapeshifter) (Spider:1)
  37 redbacks
  16 vampire mosquitoes
  2 death yak simulacra (IceCv)
  Menkaure (D:4)
  A warg (Orc:1)
  An acid dragon (D:11)
  7 water moccasins
  2 hydra simulacra (IceCv)
  22 orc warriors
  4 sky beasts
  A deep troll simulacrum (Vaults:3)
  2 ice beasts
  3 black bears
  31 wolves
  10 ogres
  2 human skeletons
  A phantom (D:5)
  6 centaurs
  2 kobold brigands
  9 bullfrogs
  13 scorpions
  A necrophage (D:5)
  6 two-headed ogre simulacra (IceCv)
  3 cane toad simulacra (IceCv)
  4 wights
  3 elephant simulacra (IceCv)
  32 killer bees
  11 electric eels
  3 howler monkeys
  4 centaur zombies (Ossuary)
  2 hounds
  18 orc priests
  2 gnoll boudas
  Natasha (twice) (D:4)
  5 iguanas
  8 scorpion zombies (Ossuary)
  25 orc wizards
  A polar bear simulacrum (IceCv)
  9 spriggan simulacra (IceCv)
  5 troll simulacra (IceCv)
  A wolf simulacrum (IceCv)
  3 mummies (Ossuary)
  Robin (D:3)
  16 gnolls
  5 adders
  4 naga simulacra (IceCv)
  2 white imps (IceCv)
  5 ufetubi (IceCv)
  3 worms
  4 dart slugs
  43 orcs
  A ball python (D:3)
  4 endoplasms
  6 giant cockroaches
  2 gnoll zombies (Ossuary)
  13 goblins
  7 hobgoblins
  2 quokkas
  4 bats
  3 frilled lizards
  4 hobgoblin zombies (Ossuary)
  20 kobolds
  3 orc zombies (Ossuary)
  4 rats
1059 creatures vanquished.

Vanquished Creatures (collateral kills)
  2 emperor scorpions (Spider:4)
  An orc warlord (Vaults:1)
  2 vault wardens
  A frost giant (Vaults:2)
  A ghost moth (Spider:4)
  A war gargoyle (Vaults:1)
  3 ironbound preservers
  An ironbound thunderhulk (Vaults:1)
  A spark wasp (Spider:4)
  6 vault guards
  A peacekeeper (Vaults:1)
  3 yaktaur captains
  An ironbound frostheart (Vaults:4)
  A catoblepas (Shoals:4)
  2 centaur warriors (Vaults:3)
  A merfolk aquamancer (Shoals:4)
  A two-headed ogre (D:9)
  3 death yaks (Shoals:4)
  Sonja (Orc:1)
  3 sea snakes (Shoals:4)
  2 pharaoh ants (Spider:4)
  A skeletal warrior (D:14)
  18 deep trolls
  An ironbound convoker (Vaults:4)
  A necromancer (Vaults:4)
  A harpy (Shoals:4)
  8 orc knights
  2 manticores (Shoals:4)
  An ugly thing (Vaults:3)
  A cyclops (Shoals:4)
  A moth of wrath (Spider:4)
  4 water nymphs (Shoals:4)
  2 vault sentinels
  A torpor snail (Spider:4)
  29 yaktaurs
  A wind drake (Shoals:4)
  5 hornets (Spider:4)
  5 tarantellas (Spider:4)
  6 merfolk
  3 slime creatures (Vaults:2)
  A snapping turtle (Shoals:4)
  4 dancing weapons (Vaults:3)
  A jumping spider (Spider:4)
  2 dream sheep (Shoals:4)
  3 culicivoras (Spider:4)
  6 redbacks (Spider:4)
  10 orc warriors
  7 wights
  An electric eel (Spider:4)
  A gnoll bouda (D:5)
  7 orc priests
  Crazy Yiuf (D:4)
  An orc wizard (Orc:1)
  3 gnolls
  7 orcs
184 creatures vanquished.

Vanquished Creatures (others)
  Polyphemus (Shoals:4)
  An emperor scorpion (Spider:4)
  An ironbound preserver (Vaults:1)
  2 centaur warriors (Vaults:3)
  A merfolk aquamancer (Shoals:4)
  2 orc knights (Vaults:3)
  An ugly thing (Vaults:3)
  A wolf spider (Spider:4)
  2 vault sentinels
  3 yaktaurs (Vaults:3)
  A tarantella (Spider:4)
  12 dancing weapons
  An orc warrior (Vaults:3)
  An orc (D:8)
  17 fungi
  87 plants
134 creatures vanquished.

Grand Total: 1377 creatures vanquished

Notes
Turn   | Place    | Note
-------+----------+-------------------------------------------
     0 | D:1      | dkjp the Spriggan Enchanter began the quest for the Orb.
     0 | D:1      | Reached XP level 1. HP: 9/9 MP: 5/5
   120 | D:1      | Found Hocang's Weapon Boutique.
   822 | D:1      | Identified a scroll of acquirement
   822 | D:1      | Acquired the ring "Igross" {rPois Will+ EV+4 Str+3 Slay+3}
   906 | D:1      | Found a faded altar of an unknown god.
  1500 | D:2      | Reached XP level 2. HP: 8/13 MP: 7/7
  1507 | D:2      | Learned a level 2 spell: Ensorcelled Hibernation
  2120 | D:2      | Reached XP level 3. HP: 16/16 MP: 3/9
  2127 | D:2      | Learned a level 3 spell: Tukima's Dance
  2131 | D:2      | Learned a level 3 spell: Confusing Touch
  2832 | D:3      | Reached skill level 5 in Hexes
  2832 | D:3      | Reached XP level 4. HP: 21/21 MP: 11/11
  3070 | D:3      | Noticed Robin
  3087 | D:3      | Killed Robin
  3368 | D:3      | Found a shimmering altar of Xom.
  3371 | D:3      | Found a hazy altar of Hepliaklqana.
  3374 | D:3      | Found an ornate altar of the Wu Jian Council.
  3529 | D:3      | Found a large runed translucent door.
  3530 | D:3      | Found a large runed translucent door.
  3599 | D:3      | Found a glowing silver altar of Zin.
  3787 | D:3      | Found a glowing golden altar of the Shining One.
  3792 | D:3      | Reached XP level 5. HP: 24/24 MP: 13/13
  3798 | D:3      | Found a sacrificial altar of Ru.
  3843 | D:4      | Reached skill level 5 in Spellcasting
  3878 | D:4      | Reached skill level 5 in Stealth
  3987 | D:4      | Found a runed translucent door.
  3992 | D:4      | Noticed dlgcnf's ghost (amateur SpEn)
  4031 | D:4      | Found a runed translucent door.
  4032 | D:4      | Noticed Crazy Yiuf
  4040 | D:4      | Killed Crazy Yiuf
  4281 | D:4      | Reached XP level 6. HP: 25/28 MP: 12/15
  4441 | D:4      | Noticed Natasha
  4464 | D:4      | Killed Natasha
  4525 | D:4      | Noticed Menkaure
  4534 | D:4      | Killed Menkaure
  4535 | D:4      | Reached skill level 6 in Stealth
  4775 | D:5      | Entered Level 5 of the Dungeon
  4859 | D:4      | Reached XP level 7. HP: 17/32 MP: 2/17
  5158 | D:6      | Reached skill level 7 in Stealth
  5544 | D:5      | Found Louvupp's Lightly-Used Armoury.
  5549 | D:5      | Noticed Pikel
  5568 | D:5      | Killed Pikel
  5569 | D:5      | Reached skill level 9 in Stealth
  5569 | D:5      | Reached XP level 8. HP: 31/36 MP: 15/20
  5775 | D:4      | Noticed Natasha
  5784 | D:4      | Killed Natasha
  6142 | D:5      | Learned a level 3 spell: Dazzling Flash
  6526 | D:5      | Reached skill level 10 in Stealth
  6999 | D:6      | Noticed Sigmund
  7006 | D:6      | Killed Sigmund
  7007 | D:6      | Reached XP level 9. HP: 39/39 MP: 22/22
  7300 | D:6      | Gained mutation: You are weak. (Str -2) [potion of
                  | mutation]
  7300 | D:6      | Gained mutation: Your spells are a little harder to cast,
                  | but a little more powerful. [potion of mutation]
  7421 | D:6      | Reached skill level 1 in Fighting
  7600 | D:7      | Reached skill level 11 in Stealth
  7921 | D:7      | Found a staircase to the Ecumenical Temple.
  7933 | Temple   | Entered the Ecumenical Temple
  7965 | Temple   | Became a worshipper of Dithmenos the Shadowed
  8070 | D:7      | Noticed Prince Ribbit
  8075 | D:7      | Killed Prince Ribbit
  8145 | D:7      | Reached skill level 10 in Hexes
  8562 | D:8      | Reached skill level 5 in Dodging
  8567 | D:8      | Noticed Grum
  8596 | D:8      | Reached XP level 10. HP: 43/47 MP: 24/24
  8628 | D:8      | Reached * piety under Dithmenos
  8633 | D:8      | Killed Grum
  8654 | D:8      | Reached skill level 12 in Stealth
  8756 | D:8      | Found a sand-covered staircase.
  8825 | D:8      | Reached skill level 10 in Spellcasting
  8845 | Ossuary  | Entered an ossuary
  9276 | Ossuary  | Reached ** piety under Dithmenos
  9923 | D:9      | Reached skill level 5 in Short Blades
  9954 | D:9      | Identified the +9 spear "Arcanum" {drain, Str+5}
 10264 | D:9      | Noticed a two-headed ogre
 10375 | D:9      | Killed a two-headed ogre
 10853 | D:9      | Reached skill level 13 in Stealth
 10853 | D:9      | Reached XP level 11. HP: 53/53 MP: 17/26
 10946 | D:9      | Found a staircase to the Lair.
 11064 | D:9      | Noticed a two-headed ogre
 11071 | D:9      | Killed a two-headed ogre
 11229 | D:9      | Noticed a death yak
 11275 | D:9      | Killed a death yak
 11641 | D:10     | Entered Level 10 of the Dungeon
 11846 | D:10     | Noticed a two-headed ogre
 11857 | D:10     | Killed a two-headed ogre
 11933 | D:10     | Noticed a two-headed ogre
 11946 | D:10     | Killed a two-headed ogre
 12452 | D:11     | Reached *** piety under Dithmenos
 12890 | D:11     | Identified the +3 rapier "Haclunusch" {vorpal, *Corrode
                  | Will+ Dex+2 Stlth+}
 13075 | D:12     | Reached skill level 10 in Short Blades
 13077 | D:12     | Acquired 742 gold pieces
 13568 | D:12     | Reached **** piety under Dithmenos
 13787 | D:12     | Reached XP level 12. HP: 58/58 MP: 25/28
 13809 | D:12     | Found a frozen archway.
 13830 | IceCv    | Entered an ice cave
 15224 | IceCv    | Reached skill level 14 in Stealth
 15228 | IceCv    | Reached skill level 5 in Fighting
 15241 | IceCv    | HP: 1/60 [bog body] (12)]
 15563 | IceCv    | Found the +4 skin of Zhor {*Englaciate rC+++ SInv}
 15566 | IceCv    | Identified the +2 scimitar "Worm" {protect, rElec rPois}
 15919 | D:12     | Noticed Jorgrun
 15925 | D:12     | Killed Jorgrun
 16130 | D:12     | Noticed Rupert
 16285 | D:12     | Killed Rupert
 16405 | D:12     | Noticed a two-headed ogre
 16420 | D:12     | Killed a two-headed ogre
 16693 | D:12     | Found a staircase to the Orcish Mines.
 16858 | D:12     | Noticed Kirke
 16878 | D:12     | Killed Kirke
 17148 | D:13     | Noticed Lodul
 17153 | D:13     | Killed Lodul
 17219 | D:13     | Reached skill level 15 in Stealth
 17374 | D:13     | Reached XP level 13. HP: 60/65 MP: 30/30
 17680 | D:13     | Reached skill level 10 in Dodging
 18310 | D:14     | Found Unyej's Assorted Antiques.
 18317 | D:14     | Bought a scroll of fear for 132 gold pieces
 18317 | D:14     | Bought a bound platinum amulet for 165 gold pieces
 18317 | D:14     | Identified the amulet of Onworis {RegenMP Will+ Regen+
                  | Str+4 Stlth+} (You bought it in a shop on level 14 of the
                  | Dungeon)
 18317 | D:14     | Bought a scroll labelled GAMAIX JOVVISS for 33 gold pieces
 18317 | D:14     | Bought 2 scrolls of blinking for 495 gold pieces
 18838 | D:14     | Found an opulent altar of Gozag.
 18957 | D:14     | Reached ***** piety under Dithmenos
 19207 | D:14     | Found a gate to the Vaults.
 19368 | D:14     | Reached skill level 16 in Stealth
 19665 | Lair:1   | Entered Level 1 of the Lair of Beasts
 19724 | Lair:1   | Identified the +1 pair of gloves of Jyisoisi {rElec Slay+3}
 20202 | Lair:1   | Reached XP level 14. HP: 66/72 MP: 32/32
 20466 | Lair:2   | Identified the +0 leather armour of Chimes {Fly}
 21139 | Lair:3   | Found a hole to the Spider Nest.
 21658 | Lair:3   | Found a staircase to the Shoals.
 22298 | Lair:4   | Reached skill level 1 in Evocations
 22517 | Lair:4   | Reached ****** piety under Dithmenos
 22544 | Lair:4   | Learned a level 4 spell: Cause Fear
 22699 | Lair:4   | Found a viscous altar of Jiyva.
 22700 | Lair:4   | Found a staircase to the Slime Pits.
 22766 | Lair:4   | Reached skill level 5 in Evocations
 23154 | Lair:5   | Entered Level 5 of the Lair of Beasts
 23570 | Lair:5   | Reached skill level 10 in Evocations
 23824 | Lair:5   | Reached skill level 17 in Stealth
 23942 | Lair:5   | Found the +8 longbow "Zephyr" {speed, Dex+3 SInv}
 23962 | Lair:5   | Identified the +3 morningstar of the Witching Goat {freeze,
                  | Fly rF++ rN+ MP-9}
 24638 | Orc:1    | Entered Level 1 of the Orcish Mines
 24658 | Orc:1    | Reached XP level 15. HP: 62/77 MP: 29/34
 24755 | Orc:1    | Noticed Sonja
 24873 | Orc:1    | Killed Sonja
 25144 | Orc:2    | Entered Level 2 of the Orcish Mines
 25144 | Orc:2    | Found a staircase to the Elven Halls.
 25655 | Orc:2    | Found Ifatih's Magic Scroll Shop.
 25675 | Orc:2    | Bought a scroll of magic mapping for 90 gold pieces
 25675 | Orc:2    | Bought a scroll of enchant armour for 90 gold pieces
 25675 | Orc:2    | Bought a scroll of enchant armour for 90 gold pieces
 25675 | Orc:2    | Bought a scroll of magic mapping for 90 gold pieces
 25675 | Orc:2    | Bought a scroll of enchant armour for 90 gold pieces
 25675 | Orc:2    | Bought a scroll of blinking for 90 gold pieces
 25818 | Orc:2    | Found Umusalun's Weapon Boutique.
 25832 | Orc:2    | Found Niviawna's Distillery.
 25843 | Orc:2    | Found Vithrua's Distillery.
 25844 | Orc:2    | Found Koeqitru's Magic Scroll Boutique.
 25849 | Orc:2    | Reached skill level 15 in Hexes
 25912 | Orc:2    | Bought 2 potions of heal wounds for 100 gold pieces
 25912 | Orc:2    | Bought a potion of heal wounds for 50 gold pieces
 25912 | Orc:2    | Bought a potion of magic for 80 gold pieces
 25912 | Orc:2    | Bought a potion of berserk rage for 50 gold pieces
 25912 | Orc:2    | Bought 2 potions of might for 80 gold pieces
 25912 | Orc:2    | Bought a potion of flight for 30 gold pieces
 25920 | Orc:2    | Bought a potion of curing for 45 gold pieces
 25920 | Orc:2    | Bought a potion of curing for 45 gold pieces
 25924 | Orc:2    | Bought a scroll of magic mapping for 120 gold pieces
 25924 | Orc:2    | Bought a scroll of summoning for 152 gold pieces
 26190 | D:15     | Entered Level 15 of the Dungeon
 26285 | D:15     | Noticed Nessos
 26287 | D:15     | Killed Nessos
 26949 | D:15     | Reached skill level 18 in Stealth
 27054 | D:15     | Found a staircase to the Depths.
 27054 | D:15     | Noticed a frost giant
 27057 | D:15     | Killed a frost giant
 27321 | Depths:1 | Entered Level 1 of the Depths
 27431 | Depths:1 | Found a shadowy altar of Dithmenos.
 27467 | Depths:1 | Found a gateway to Hell.
 27470 | Depths:1 | You fall into a shaft and drop 1 floor!
 27470 | Depths:2 | Noticed a tengu reaver
 27478 | Depths:2 | Noticed Asterion
 27524 | Depths:1 | Found a blossoming altar of Fedhas.
 27835 | Spider:1 | Entered Level 1 of the Spider Nest
 28530 | Spider:1 | Reached skill level 15 in Spellcasting
 28651 | Spider:1 | Reached XP level 16. HP: 35/83 MP: 33/36
 28794 | Spider:1 | Identified the +6 short sword "Nipysioc" {vorpal, rN+
                  | Int+5}
 29250 | Spider:1 | Upgraded the game from 0.29-a0-1039-gfc20370e89 to
                  | 0.29-a0-1043-g569b05d6ff
 29628 | Spider:2 | Reached skill level 19 in Stealth
 29751 | Spider:2 | Learned a level 5 spell: Summon Mana Viper
 31089 | Shoals:1 | Entered Level 1 of the Shoals
 31116 | Shoals:1 | Identified the +1 leather armour of Wubicida {Rampage Fly
                  | Will+++ Dex-3}
 31300 | Shoals:1 | Found Naegh's Antique Armour Shoppe.
 31629 | Shoals:1 | Noticed Frances
 31635 | Shoals:1 | Killed Frances
 31867 | Shoals:2 | Found a runed translucent door.
 31867 | Shoals:2 | Noticed fly's ghost (journeyman DgDe)
 31887 | Shoals:2 | Killed fly's ghost
 32457 | Shoals:2 | Reached skill level 15 in Dodging
 32579 | Shoals:3 | Learned a level 7 spell: Enfeeble
 32673 | Shoals:3 | Reached XP level 17. HP: 88/88 MP: 30/38
 32954 | Shoals:3 | Reached skill level 20 in Stealth
 32977 | Shoals:3 | Found Ibbydiedgh's Magic Scroll Boutique.
 32982 | Shoals:3 | Bought a scroll of summoning for 152 gold pieces
 32982 | Shoals:3 | Bought a scroll of magic mapping for 120 gold pieces
 32982 | Shoals:3 | Bought a scroll of fear for 64 gold pieces
 32982 | Shoals:3 | Bought a scroll of enchant weapon for 120 gold pieces
 32982 | Shoals:3 | Bought a scroll of teleportation for 48 gold pieces
 32982 | Shoals:3 | Bought a scroll of enchant armour for 120 gold pieces
 33115 | Shoals:3 | Reached skill level 10 in Fighting
 33145 | Shoals:3 | Found a hazy altar of Hepliaklqana.
 33327 | Shoals:4 | Entered Level 4 of the Shoals
 33411 | Shoals:4 | Got a barnacled rune of Zot
 33740 | Vaults:1 | Entered Level 1 of the Vaults
 33745 | Vaults:1 | Found Mygonumo's General Store.
 33749 | Vaults:1 | Bought a potion of might for 52 gold pieces
 34445 | Elf:1    | Entered Level 1 of the Elven Halls
 34473 | Elf:1    | Found a flickering gateway to a bazaar.
 34481 | Bazaar   | Entered a bazaar
 34493 | Bazaar   | Found Cuicabbo's Antique Weapon Shop.
 34506 | Bazaar   | Found Futug's Magic Scroll Emporium.
 34541 | Bazaar   | Found Cateothri's Distillery.
 34550 | Bazaar   | Found Uledydec's Distillery.
 34564 | Bazaar   | Found Waogarai's Antique Armour Shoppe.
 34689 | Bazaar   | Bought a scroll of acquirement for 832 gold pieces
 34691 | Bazaar   | Acquired dkjp's Tome of Terrestrial Malediction
 34704 | Bazaar   | Learned a level 8 spell: Discord
 34751 | Bazaar   | Bought a potion of heal wounds for 70 gold pieces
 34751 | Bazaar   | Bought 2 potions of curing for 84 gold pieces
 34751 | Bazaar   | Bought a potion of might for 56 gold pieces
 34751 | Bazaar   | Bought a potion of magic for 112 gold pieces
 34782 | Bazaar   | Bought a potion of haste for 90 gold pieces
 34782 | Bazaar   | Bought a potion of curing for 27 gold pieces
 34782 | Bazaar   | Bought a potion of brilliance for 36 gold pieces
 35183 | Spider:4 | Entered Level 4 of the Spider Nest
 36143 | Spider:4 | Got a gossamer rune of Zot
 36466 | Shoals:4 | Noticed Polyphemus
 36482 | Shoals:4 | Killed Polyphemus
 36540 | Shoals:4 | Identified the amulet "Ikhleseu" {Harm Regen+ rCorr Dex-5}
 36682 | Shoals:4 | Acquired 883 gold pieces
 36996 | Shoals:4 | Identified the +1 plate armour of Leadix {Harm rF+}
 37495 | Vaults:1 | Reached skill level 21 in Stealth
 37495 | Vaults:1 | Reached XP level 18. HP: 95/95 MP: 39/39
 39820 | Vaults:2 | HP: 3/96 [crystal guardian/crystal bolt[a peacekeeper]
                  | (25)]
 39973 | Vaults:2 | Found a staircase to the Crypt.
 39973 | Vaults:2 | Found an ancient bone altar of Kikubaaqudgha.
 39974 | Vaults:2 | Found a basalt altar of Yredelemnul.
 40228 | Vaults:3 | Reached skill level 22 in Stealth
 40722 | Vaults:3 | Reached XP level 19. HP: 92/100 MP: 41/41
 42062 | Vaults:4 | Reached skill level 15 in Short Blades
 42095 | Vaults:4 | Killed from afar by a frost giant

Illustrated notes

Levels and vault maps discovered:
D:1:      onia_arrival_mini_maze, layout_loops_ring, serial_shops, shop,
          serial_co_window_serial, co_window_corner_a, co_window_paths_a,
          co_window_corner_a, co_window_of_opportunity_a,
          co_window_of_opportunity_a, co_window_unsneaky_path_d,
          co_window_broadway_c, co_window_corner_ca, co_window_corner_ca,
          co_window_4corner_b, glass_columns_a,
          shapermc_ecumenical_altar_mp_ritualfount,
          chequers_serial_rivers_micro_b, chequers_serial_rivers_marsh,
          dreamdust_princess_corridor
D:2:      layout_loops_ring, hangedman_abyss_or_decor_stabs
D:3:      layout_basic, minmay_overflow_temple_star_quad, jmf_multi_god_temple2,
          zin_scriptorium, uniq_robin
D:4:      layout_basic, ebering_ghost_reflecting_pool, uniq_natasha,
          uniq_menkaure, uniq_crazy_yiuf_cottage
D:5:      layout_loops_corners, minmay_shop_damaged,
          chequers_serial_rivers_room_b, uniq_pikel
D:6:      layout_basic, uniq_sigmund
D:7:      layout_loops_cross, minmay_temple_entry_statues_fountains,
          minmay_misc_feat_square, uniq_prince_ribbit1
D:8:      layout_basic, nicolae_ossuary_entry_false_entrances, uniq_grum
D:9:      layout_loops_ring, david_lair_generic, minmay_ruffians
D:10:     layout_loops_ring
D:11:     layout_gridville
D:12:     layout_basic, david_orc_4, portal_ice_cave_demonic_guard,
          minivault_11, uniq_rupert, uniq_jorgrun, uniq_kirke
D:13:     layout_long_grid, uniq_lodul
D:14:     layout_stronghold, grunt_vaults_entry_tiered, serial_shops,
          shop_fountains, grunt_gozag_statues
D:15:     grunt_enter_depths_snipers, layout_stronghold, minmay_misc_feat_chi,
          uniq_nessos
Temple:   regret_index_temple_sphere_string
Lair:1:   layout_long_grid, infiniplex_staircase_pool_2
Lair:2:   layout_misc_corridors
Lair:3:   layout_loops_ring, minmay_shoals_entry_lonely_mermaid,
          nicolae_spider_entry_tight_spaces
Lair:4:   layout_cave_pods, slime_entry_1
Lair:5:   grunt_lair_end_beastmaster, layout_loops_ring, serial_bayou_shore_a,
          grunt_megastairs_4
Shoals:1: layout_shoals, serial_shops, nicolae_shop_hallway_stairs, uniq_frances
Shoals:2: layout_shoals, hellmonk_ghost_happy_afterlife
Shoals:3: layout_shoals, serial_shops, nicolae_shop_hallway_stairs,
          lemuel_oklob_altar
Shoals:4: shoals_end_simple, layout_shoals, abandoned_shop, uniq_polyphemus
Spider:1: layout_spider_delve, hellmonk_deceptive_appearances
Spider:2: layout_spider_delve, special_room [special_room_bee],
          nicolae_orb_stairs
Spider:3: nicolae_spider_hilbert_zone_7 [nicolae_spider_hilbert_4_sides_1_open,
          nicolae_spider_hilbert_4_sides_1_open,
          nicolae_spider_hilbert_4_sides_1_open,
          nicolae_spider_hilbert_4_sides_1_open,
          nicolae_spider_hilbert_3_sides_1_open,
          nicolae_spider_hilbert_3_sides_1_open,
          nicolae_spider_hilbert_3_sides_1_open,
          nicolae_spider_hilbert_3_sides_1_open,
          nicolae_spider_hilbert_4_sides_1_open,
          nicolae_spider_hilbert_4_sides_1_open,
          nicolae_spider_hilbert_4_sides_1_open,
          nicolae_spider_hilbert_2_sides_1_open,
          nicolae_spider_hilbert_2_sides_1_open,
          nicolae_spider_hilbert_2_sides_1_open,
          nicolae_spider_hilbert_2_sides_1_open,
          nicolae_spider_hilbert_2_sides_1_open,
          nicolae_spider_hilbert_2_sides_1_open]
Spider:4: spider_rune_water
Orc:1:    layout_caves, basic_altar, uniq_sonja
Orc:2:    st_orc_elflike, layout_caves, serial_shops, nicolae_shop_statue_plus
Elf:1:    layout_gridlike, serial_shops, bzr_entry_customers,
          kennysheep_underground_church, grunt_megastairs_2, uniq_zenata
Vaults:1: ontoclasm_vaults_loading_screen, v_rooms_1, ontoclasm_vaults_fault,
          vaults_room_fancy_cross, hangedman_vaults_unwind,
          vaults_mumra_hexcomb, v_alt_pattern_3, v_misc_12,
          grunt_vaults_bifocal, layout_vaults_omnicross, serial_shops, shop
Vaults:2: hangedman_vaults_capsules, ontoclasm_vaults_ring_square,
          minmay_crypt_entry_necro_gods, grunt_vaults_hallway_short,
          vaults_dpeg_hooks, vaults_room_hangedman_quadrants,
          layout_vaults_quadrants
Vaults:3: hangedman_vaults_trim, v_misc_28, nicolae_vaults_diagonal_hallway_9,
          vaults_room_boxed, special_room_vaults [special_room_orc],
          v_alt_pattern_4, v_rooms_4, ontoclasm_vaults_decontamination,
          v_misc_28, nicolae_vaults_shelves_hall, v_pattern_4, v_misc_19,
          vaults_dpeg_ring, nicolae_vaults_shelves_hall, layout_vaults_ring
Vaults:4: hangedman_vaults_hard_town_square, vaults_room_door_hall, v_pattern_5,
          hangedman_vaults_corner, vaults_room_ringed_pool, vaults_room_fours,
          v_misc_25, hangedman_vaults_pinch, ontoclasm_vaults_loading_screen,
          vaults_room_large_hall, ontoclasm_vaults_ring_large,
          hangedman_vaults_cutoff, v_misc_16, layout_vaults_omnibox
Depths:1: layout_cave_pools, hell_entry, lemuel_round_altar,
          rand_demon_pan_entry_3, nicolae_inconvenience_store, st_stairs_11,
          nicolae_dithmenos_through_a_glass_darkly
Depths:2: minmay_skeletal_surprise, layout_cave_pools, enter_ziggurat_e,
          pan_entry, serial_glass, glass_columns_c, glass_columns_a,
          glass_columns_a, glass_columns_a, glass_columns_a, glass_columns_a,
          grunt_mini_vestibule, minmay_staircase_statues, uniq_enchantress,
          uniq_asterion

Skill      XL: |  1  2  3  4  5  6  7  8  9 10 11 12 13 14 15 16 17 18 19 |
---------------+----------------------------------------------------------+-----
Spellcasting   | 3 4 5 6 7 8 9 10 11 12 13 14 15 16 17 | 17.8
Hexes          | 4 5 6 8 9 10 11 12 13 14 16 18 19 21 | 21.0
Stealth        | 5 6 9 10 11 13 15 16 17 18 19 21 22 | 22.1
Dodging        | 5 7 8 9 11 12 13 15 16 17 | 17.0
Fighting       | 2 4 5 7 8 9 10 11 | 11.5
Short Blades   | 3 5 10 11 12 15 | 15.2
Evocations     | 10 | 10.0

Action                   |  1- 3 |  4- 6 |  7- 9 | 10-12 | 13-15 | 16-18 | 19-21 || total
-------------------------+-------+-------+-------+-------+-------+-------+-------++-------
Melee: Dagger            |    86 |    92 |   173 |   835 |  1652 |   795 |       ||  3633
       Punch             |     1 |       |     2 |    11 |    33 |    12 |       ||    59
       Rapier            |       |       |       |       |       |   115 |   113 ||   228
 Cast: Ensorcelled Hiber |    10 |    14 |    46 |    94 |   129 |   169 |     7 ||   469
       Tukima's Dance    |       |     5 |    17 |    29 |    28 |    57 |     9 ||   145
       Confusing Touch   |       |     2 |     5 |    20 |    22 |    25 |    10 ||    84
       Dazzling Flash    |       |       |       |    13 |     8 |     1 |       ||    22
       Enfeeble          |       |       |       |       |       |     7 |       ||     7
       Cause Fear        |       |       |       |       |       |     1 |       ||     1
       Discord           |       |       |       |       |       |    30 |    10 ||    40
Invok: Shadow Step       |       |       |       |     3 |     9 |     6 |     1 ||    19
Evoke: Wand              |       |       |       |     8 |       |    12 |     2 ||    22
       Tin of tremorston |       |       |       |       |       |     3 |       ||     3
       Lightning rod     |       |       |       |       |       |     1 |       ||     1
  Use: Scroll            |    13 |     2 |     4 |    12 |    11 |    21 |     1 ||    64
       Potion            |       |     1 |     3 |     6 |     5 |     8 |     1 ||    24
 Stab: Sleeping          |     9 |    22 |    34 |   107 |   206 |   235 |    14 ||   627
       Distracted        |     1 |       |       |     1 |     4 |    13 |     2 ||    21
       Confused          |       |     1 |     4 |    16 |    20 |    17 |     9 ||    67
       Invisible         |       |       |       |     8 |    15 |     4 |       ||    27
Armor: Robe              |     7 |     2 |     1 |       |       |       |       ||    10
       Steam dragon scal |       |       |    10 |    67 |       |    79 |    16 ||   172
       Animal skin       |       |       |       |    17 |   121 |    17 |       ||   155
Dodge: Dodged            |    56 |    72 |   143 |   612 |  1198 |   787 |   103 ||  2971

Table legend: (Time is in decaauts)
 A = Elapsed time spent in this place.
 B = Non-inter-level travel time spent in this place.
 C = Inter-level travel time spent in this place.
 D = Time resting spent in this place.
 E = Time spent auto-exploring this place.
 F = Levels seen in this place.
 G = Mean time per level.
                   A        B        C        D        E       F      G
               +--------+--------+--------+--------+--------+-----+--------+
         Total |  29710 |  27399 |   2311 |   2594 |  17033 |  41 |  724.6 |
       Dungeon |  13775 |  12771 |   1004 |   1023 |   8995 |  15 |  918.3 |
        Temple |     30 |     20 |     10 |      0 |     16 |   1 |   30.0 |
          Lair |   3333 |   2890 |    443 |     80 |   1830 |   5 |  666.6 |
        Shoals |   2494 |   2188 |    306 |     88 |   1228 |   4 |  623.5 |
   Spider Nest |   2981 |   2742 |    239 |    182 |   1620 |   4 |  745.2 |
  Orcish Mines |   1008 |    929 |     79 |    209 |    457 |   2 |  504.0 |
   Elven Halls |     63 |     41 |     22 |      0 |     14 |   1 |   63.0 |
        Vaults |   3560 |   3355 |    205 |    344 |   1849 |   4 |  890.0 |
        Depths |    157 |    157 |      0 |      0 |     48 |   2 |   78.5 |
        Bazaar |    220 |    220 |      0 |      0 |     74 |   1 |  220.0 |
       Ossuary |    457 |    457 |      0 |     32 |    177 |   1 |  457.0 |
      Ice Cave |   1627 |   1627 |      0 |    635 |    719 |   1 | 1627.0 |
               +--------+--------+--------+--------+--------+-----+--------+

Top non-repeatable levels by time:
    D:12: 1737 daAuts
   IceCv: 1627 daAuts
     D:9: 1571 daAuts
    D:14: 1233 daAuts
     D:1: 1204 daAuts
Vaults:3: 1168 daAuts
Vaults:1: 1094 daAuts
Vaults:2: 1058 daAuts
     D:5: 1051 daAuts
     D:4: 1049 daAuts
Spider:1: 906 daAuts
     D:3: 886 daAuts
  Lair:3: 841 daAuts
  Lair:5: 839 daAuts
    D:15: 823 daAuts
